 Dungeon Crawl Stone Soup version 0.24.0-123-gd5b16e6ec5 (webtiles) character file.

Game seed: 552067164457884414, levelgen mode: deterministic

82 Elellon the Cudgeler (level 4, -3/28 HPs)
             Began as a Gargoyle Fighter on Jan 21, 2020.
             Slain by Crazy Yiuf
             ... wielding a +3 quarterstaff of chaos
              (21 damage)
             ... on level 2 of the Dungeon.
             The game lasted 00:02:07 (1804 turns).

Elellon the Cudgeler (Gargoyle Fighter)             Turns: 1804, Time: 00:02:07

Health: -3/28      AC:  0    Str: 21    XL:     4   Next: 43%
Magic:  4/4        EV: 17    Int:  8    God:
Gold:   60         SH:  0    Dex: 14    Spells: 3/3 levels left

rFire    . . .     SeeInvis .   (weapon currently unavailable)
rCold    . . .     Gourm    .   (shield currently unavailable)
rNeg     + . .     Faith    .   (armour currently unavailable)
rPois    ∞         Spirit   .   (helmet currently unavailable)
rElec    .         Reflect  .   (cloak currently unavailable)
rCorr    .         Harm     .   (gloves currently unavailable)
MR       .....                  (boots currently unavailable)
Stlth    +.........             (no amulet)
HPRegen  0.09/turn              (ring currently unavailable)
MPRegen  0.09/turn              (ring currently unavailable)

@: bat-form, flying, very quick
A: tiny, negative energy resistance 1, petrification resistance, rot immunity,
AC +3
a: no special abilities


You were on level 2 of the Dungeon.
You were not hungry.
You were in bat-form.
You visited 1 branch of the dungeon, and saw 2 of its levels.

You collected 60 gold pieces.

Inventory:

Hand Weapons
 a - a +0 flail (melded)
Armour
 b - a +0 scale mail (melded)
 c - a +0 shield (melded)
 h - a +0 helmet (melded)
 l - a +0 pair of gloves (melded)
Jewellery
 o - an uncursed ring of fire {unknown}
Scrolls
 e - a scroll of enchant weapon {unknown}
 i - a scroll of magic mapping {unknown}
 j - 2 scrolls of identify {unknown}
 m - a scroll of remove curse {unknown}
 n - 3 scrolls of enchant armour {unknown}
 p - a scroll of amnesia {unknown}
Potions
 d - a potion of might
 k - a potion of flight {unknown}
Comestibles
 f - 3 rations


   Skills:
 - Level 3.2 Fighting
 + Level 4.5 Maces & Flails
 - Level 3.2 Armour
 - Level 3.2 Shields


You had 3 spell levels left.
You didn't know any spells.
Your spell library was empty.

Dungeon Overview and Level Annotations

Branches:
Dungeon (2/15)

Altars:

Annotations:
D:2 Crazy Yiuf


Innate Abilities, Weirdness & Mutations

You are resistant to torment.
((Your stone body is resilient. (AC +3)))
You are immune to poison.
You resist negative energy. (rN+)
((You are resistant to electric shocks. (rElec)))
((You can survive without breathing.))
You are immune to petrification.
You are immune to rotting.


Message History

Crazy Yiuf is lightly wounded.
Crazy Yiuf yells, "Buddy!"
Crazy Yiuf closely misses you.
You hit Crazy Yiuf.
Crazy Yiuf is lightly wounded.
Crazy Yiuf screams, "Snoogle pontify tired!"
Crazy Yiuf zaps a wand.
You hit Crazy Yiuf but do no damage.
Crazy Yiuf is lightly wounded.
Crazy Yiuf whimpers, "Mountain!"
Crazy Yiuf zaps a wand.
You resist with some effort.
You hit Crazy Yiuf but do no damage.
Crazy Yiuf is lightly wounded.
Crazy Yiuf zaps a wand.
You hit Crazy Yiuf.
Crazy Yiuf is moderately wounded.
Crazy Yiuf hits you with a +3 quarterstaff of chaos!
Space warps horribly around you!!
Ouch! That really hurt!
You die...

# #.#
#......#
##....# #.#
# #.#
########
#....# #.# #
#.### #.#.##
#.#
###...######
#####
#.#.######.#
##.........#
#)..#
#.#....<....
#.........#
#...#
#.########.#
##.........#
...
#.#......#..
##.........#
#g#
#.#.#.......
##..>......#
♣b♣♣
#.#.........
##.........#
♣♣.♣
#.######.#.#
##.........#
♣.♣♣
#...........
#####......#
♣♣.♣
#.#......#..
####.......#
♣♣.♣♣
##########..
+..'.......#
♣♣...♣
#..........#
####.^.....#
♣....♣
##..........
...........#
##..##
#..........
###........#
#....#
#..........


You could see Crazy Yiuf.

Vanquished Creatures
  Robin (D:2)
  2 adders (D:2)
  5 giant cockroaches
  9 goblins
  5 hobgoblins
  4 jackals (D:1)
  7 kobolds
  A quokka (D:2)
  6 bats
  8 frilled lizards
  5 rats (D:1)
53 creatures vanquished.

Notes
Turn   | Place    | Note
-------+----------+-------------------------------------------
     0 | D:1      | Elellon the Gargoyle Fighter began the quest for the Orb.
     0 | D:1      | Reached XP level 1. HP: 14/14 MP: 1/1
   118 | D:1      | Reached XP level 2. HP: 19/19 MP: 2/2
   191 | D:1      | Reached skill level 3 in Maces & Flails
   353 | D:1      | Reached XP level 3. HP: 23/23 MP: 3/3
   946 | D:2      | Reached skill level 4 in Maces & Flails
  1228 | D:2      | Reached XP level 4. HP: 28/28 MP: 4/4
  1304 | D:2      | Noticed Robin
  1318 | D:2      | Killed Robin
  1580 | D:2      | Found a runed translucent door.
  1581 | D:2      | Noticed Crazy Yiuf
  1804 | D:2      | Slain by Crazy Yiuf

Levels and vault maps discovered:
D:1:      dpeg_arrival_another_circle, layout_loops_ring
D:2:      layout_basic, uniq_robin, uniq_crazy_yiuf_cottage

Skill      XL: |  1  2  3 |
---------------+----------+-----
Maces & Flails | 3 4 |  4.5
Fighting       | |  3.2
Armour         | |  3.2
Shields        | |  3.2

Action                   |  1- 3 |  4- 6 || total
-------------------------+-------+-------++-------
Melee: Flail             |   176 |    38 ||   214
       Unarmed           |       |     5 ||     5
  Eat: Chunk             |     1 |     2 ||     3
Armor: Scale mail        |    89 |    18 ||   107
Dodge: Dodged            |    57 |    18 ||    75
Block: Shield            |    91 |    17 ||   108
